NYP
EVERETT AQUASOX @ VANCOUVER CANADIANS
08/07/2044
 
TOP OF THE 1ST
Everett AquaSox batting - Pitching for Vancouver Canadians : RHP Young-ghil Sohn
Pitching: RHP Young-ghil Sohn
Batting: RHB Kikuo Sato 0-0: Ball
1-0: Foul Ball, location: 2F
1-1: Ball
2-1: Foul Ball, location: 2F
2-2: SINGLE (Line Drive, 34, EV 100.0 MPH)
Batting: RHB Salvador Avina 0-0: Called Strike
0-1: Ball
1-1: Ball
2-1: Foul Ball, location: 2F
2-2: Strikes out swinging
Batting: RHB John Peterson 0-0: Ball
Kikuo Sato steals 2nd base
1-0: Ground out 1-3 (Groundball, 25, EV 73.1 MPH)
Batting: LHB Jawad Fahad 0-0: Ball
1-0: Ball
2-0: Called Strike
2-1: Called Strike
2-2: Strikes out looking
Top of the 1st over - 0 runs, 1 hit, 0 errors, 1 left on base; Everett 0 - Vancouver 0
BOTTOM OF THE 1ST
Vancouver Canadians batting - Pitching for Everett AquaSox : RHP In Bea
Pitching: RHP In Bea
Batting: RHB Brian Manson 0-0: Ball
1-0: Ball
2-0: Swinging Strike
2-1: Foul Ball, location: 2F
2-2: Foul Ball, location: 2F
2-2: Ball
3-2: Foul Ball, location: 2F
3-2: Ground out U3 (Groundball, 34, EV 80.0 MPH)
Batting: RHB Taylor Peavey 0-0: Foul Ball, location: 2F
0-1: Ground out 5-3 (Groundball, 5, EV 104.4 MPH)
Batting: LHB Edgar Castillo 0-0: Ball
1-0: Foul Ball, location: 2F
1-1: Swinging Strike
1-2: SINGLE (Groundball, 6MD, EV 100.6 MPH)
Batting: RHB Jordan Fairburn 0-0: Called Strike
0-1: Ball
1-1: Ball
2-1: Fly out, F6 (Flyball, 56D, EV 86.2 MPH)
Bottom of the 1st over - 0 runs, 1 hit, 0 errors, 1 left on base; Everett 0 - Vancouver 0
TOP OF THE 2ND
Everett AquaSox batting - Pitching for Vancouver Canadians : RHP Young-ghil Sohn
Batting: RHB Hideo Okimura 0-0: Foul Ball, location: 2F
0-1: Ball
1-1: Foul Ball, location: 2F
1-2: Ball
2-2: Ball
3-2: SINGLE (Groundball, 56D, EV 101.2 MPH)
Batting: LHB Kenny Gerrity 0-0: Fielders Choice at 2nd, 6-4 (Groundball, 6M, EV 90.6 MPH)
Batting: SHB Raghnall Ahearne 0-0: Ball
1-0: Reached on error, E5 (Groundball, 5S, EV 75.6 MPH)
Kenny Gerrity to third
Batting: RHB Clay Statum 0-0: Ground out 4-3 (Groundball, 4, EV 89.4 MPH)
Kenny Gerrity scores
Raghnall Ahearne to third
Batting: LHB David Walker 0-0: Fly out, F5 (Popup, 5F, EV 79.4 MPH)
Top of the 2nd over - 1 run, 1 hit, 1 error, 1 left on base; Everett 1 - Vancouver 0
BOTTOM OF THE 2ND
Vancouver Canadians batting - Pitching for Everett AquaSox : RHP In Bea
Batting: RHB Josh Swartzentruber 0-0: Ball
1-0: Foul Ball, location: 2F
1-1: Called Strike
1-2: Ball
2-2: SINGLE (Groundball, 4M, EV 95.6 MPH)
Batting: RHB Lamberto Amicis 0-0: Foul Ball, location: 2F
0-1: Grounds into double play, 6-4-3 (Groundball, 6, EV 83.1 MPH)
Batting: RHB Bryan Peterson 0-0: Foul Ball, location: 2F
0-1: Foul Ball, location: 2F
0-2: Ball
1-2: Strikes out swinging
Bottom of the 2nd over - 0 runs, 1 hit, 0 errors, 0 left on base; Everett 1 - Vancouver 0
TOP OF THE 3RD
Everett AquaSox batting - Pitching for Vancouver Canadians : RHP Young-ghil Sohn
Batting: RHB Kikuo Sato 0-0: Hit by Pitch
Batting: RHB Salvador Avina 0-0: Called Strike
Kikuo Sato steals 2nd base
0-1: Foul Ball, location: 2F
Balk!
Kikuo Sato to third
0-2: Ball
1-2: Ball
2-2: Fly out, F3 (Flyball, 3D, EV 88.8 MPH)
Batting: RHB John Peterson 0-0: Ball
1-0: Called Strike
1-1: Foul Ball, location: 2F
1-2: Ball
2-2: Strikes out swinging
Batting: LHB Jawad Fahad 0-0: Called Strike
0-1: Ball
1-1: Called Strike
1-2: Ball
2-2: Strikes out looking
Top of the 3rd over - 0 runs, 0 hits, 0 errors, 1 left on base; Everett 1 - Vancouver 0
BOTTOM OF THE 3RD
Vancouver Canadians batting - Pitching for Everett AquaSox : RHP In Bea
Batting: RHB Justin Geiger 0-0: Fly out, F4 (Popup, 34, EV 68.8 MPH)
Batting: RHB Justin Powell 0-0: Ball
1-0: Ball
2-0: Swinging Strike
2-1: Foul Ball, location: 2F
2-2: Strikes out swinging
Batting: RHB Brian Manson 0-0: Ball
1-0: Called Strike
1-1: Ball
2-1: Swinging Strike
2-2: Ball
3-2: Foul Ball, location: 2F
3-2: Ground out 6-3 (Groundball, 56, EV 83.8 MPH)
Bottom of the 3rd over - 0 runs, 0 hits, 0 errors, 0 left on base; Everett 1 - Vancouver 0
TOP OF THE 4TH
Everett AquaSox batting - Pitching for Vancouver Canadians : RHP Young-ghil Sohn
Batting: RHB Hideo Okimura 0-0: Called Strike
0-1: Called Strike
0-2: Strikes out looking
Batting: LHB Kenny Gerrity 0-0: Ground out 3-1 (Groundball, 34, EV 93.1 MPH)
Batting: SHB Raghnall Ahearne 0-0: Called Strike
0-1: Foul Ball, location: 2F
0-2: Foul Ball, location: 2F
0-2: Ball
1-2: Ball
2-2: SINGLE (Groundball, 5L, EV 85.0 MPH) (infield hit)
Batting: RHB Clay Statum 0-0: Ball
Raghnall Ahearne steals 2nd base
1-0: Ball
2-0: Foul Ball, location: 2F
2-1: Ground out 4-3 (Groundball, 4MD, EV 90.0 MPH)
Top of the 4th over - 0 runs, 1 hit, 0 errors, 1 left on base; Everett 1 - Vancouver 0
BOTTOM OF THE 4TH
Vancouver Canadians batting - Pitching for Everett AquaSox : RHP In Bea
Batting: RHB Taylor Peavey 0-0: Ball
1-0: Fly out, F7 (Flyball, 7, EV 91.9 MPH)
Batting: LHB Edgar Castillo 0-0: Ball
1-0: Ball
2-0: Ground out 2-3 (Groundball, 13S, EV 73.8 MPH)
Batting: RHB Jordan Fairburn 0-0: SOLO HOME RUN (Line Drive, 9D, EV 98.8 MPH), Distance : 389 ft
Batting: RHB Josh Swartzentruber 0-0: Ball
1-0: Ground out 6-3 (Groundball, 6, EV 87.5 MPH)
Bottom of the 4th over - 1 run, 1 hit, 0 errors, 0 left on base; Everett 1 - Vancouver 1
TOP OF THE 5TH
Everett AquaSox batting - Pitching for Vancouver Canadians : RHP Young-ghil Sohn
Batting: LHB David Walker 0-0: Ball
1-0: Ball
2-0: Ball
3-0: Base on Balls
Batting: RHB Kikuo Sato 0-0: Ball
1-0: Ball
2-0: Foul Ball, location: 2F
2-1: Ball
3-1: Foul Ball, location: 2F
3-2: SINGLE (Groundball, 34, EV 96.2 MPH)
David Walker to second
David Walker to third
Batting: RHB Salvador Avina 0-0: Called Strike
0-1: Called Strike
0-2: SINGLE (Flyball, 56D, EV 88.8 MPH)
David Walker scores
Kikuo Sato to second
Batting: RHB John Peterson 0-0: Fly out, F3 (Popup, 34, EV 78.8 MPH)
Batting: LHB Jawad Fahad 0-0: Called Strike
0-1: Fly out, F6 (Popup, 6, EV 65.6 MPH)
Batting: RHB Hideo Okimura 0-0: Ground out U3 (Groundball, 34, EV 88.1 MPH)
Top of the 5th over - 1 run, 2 hits, 0 errors, 2 left on base; Everett 2 - Vancouver 1
BOTTOM OF THE 5TH
Vancouver Canadians batting - Pitching for Everett AquaSox : RHP In Bea
Batting: RHB Lamberto Amicis 0-0: Ball
1-0: Ball
2-0: Ball
3-0: Base on Balls
Batting: RHB Bryan Peterson 0-0: Ball
1-0: Called Strike
1-1: Ball
2-1: Foul Ball, location: 2F
2-2: Fly out, F6 (Line Drive, 6, EV 72.5 MPH)
Batting: RHB Justin Geiger 0-0: Ball
Lamberto Amicis steals 2nd base
1-0: Ball
2-0: Ball
3-0: Called Strike
3-1: Base on Balls
Batting: RHB Justin Powell 0-0: Swinging Strike
0-1: Called Strike
0-2: Ball
1-2: Ball
2-2: Foul Ball, location: 2F
2-2: Fly out, F7 (Line Drive, 7, EV 95.0 MPH)
Pinch Hitting: SHB Harrison Feist 0-0: Fielders Choice at 2nd, 6-4 (Groundball, 4M, EV 85.0 MPH)
Bottom of the 5th over - 0 runs, 0 hits, 0 errors, 2 left on base; Everett 2 - Vancouver 1
TOP OF THE 6TH
Everett AquaSox batting - Pitching for Vancouver Canadians : RHP Young-ghil Sohn
Now in LF: Jonathan Klemm
Now in CF: Edgar Castillo
Batting: LHB Kenny Gerrity 0-0: Foul Ball, location: 2F
0-1: Ball
1-1: Called Strike
1-2: Ball
2-2: Ground out 6-3 (Groundball, 6, EV 102.5 MPH)
Batting: SHB Raghnall Ahearne 0-0: Called Strike
0-1: Foul Ball, location: 2F
0-2: Foul Ball, location: 2F
0-2: Ball
1-2: DOUBLE (Flyball, 78D, EV 92.5 MPH)
Batting: RHB Clay Statum 0-0: Called Strike
0-1: Called Strike
0-2: Fly out, F8 (Flyball, 8LS, EV 84.4 MPH)
Batting: LHB David Walker 0-0: Called Strike
0-1: Fly out, F6 (Popup, P, EV 72.5 MPH)
Top of the 6th over - 0 runs, 1 hit, 0 errors, 1 left on base; Everett 2 - Vancouver 1
BOTTOM OF THE 6TH
Vancouver Canadians batting - Pitching for Everett AquaSox : RHP In Bea
Batting: RHB Taylor Peavey 0-0: Called Strike
0-1: Ball
1-1: Ball
2-1: Foul Ball, location: 2F
2-2: Ball
3-2: Fly out, F3 (Flyball, 3D, EV 93.1 MPH)
Pitching: LHP Mike Stewart
Pinch Hitting: RHB Jose Garate 0-0: Ball
1-0: SINGLE (Line Drive, 8LS, EV 89.4 MPH)
Batting: RHB Jordan Fairburn 0-0: Ball
1-0: Ball
2-0: Ball
Wild Pitch!
Jose Garate to second
3-0: Called Strike
3-1: SINGLE (Groundball, 25, EV 73.1 MPH) (infield hit)
Jose Garate to third
Batting: RHB Josh Swartzentruber 0-0: Ball
Jordan Fairburn is caught stealing 2nd base 2-4
1-0: Called Strike
1-1: Called Strike
1-2: Strikes out swinging
Bottom of the 6th over - 0 runs, 2 hits, 0 errors, 1 left on base; Everett 2 - Vancouver 1
TOP OF THE 7TH
Everett AquaSox batting - Pitching for Vancouver Canadians : RHP Young-ghil Sohn
Pitching: RHP D.J. Wallace
Now in CF: Justin Powell
Now in RF: Jose Garate
Batting: RHB Kikuo Sato 0-0: Called Strike
0-1: Called Strike
0-2: Strikes out swinging
Batting: RHB Salvador Avina 0-0: Ball
1-0: Foul Ball, location: 2F
1-1: Ground out 5-3 (Groundball, 5L, EV 102.5 MPH)
Batting: RHB John Peterson 0-0: Ball
1-0: Foul Ball, location: 2F
1-1: Foul Ball, location: 2F
1-2: Ball
2-2: Ball
3-2: SINGLE (Line Drive, 89S, EV 92.5 MPH)
Batting: LHB Jawad Fahad 0-0: Ball
John Peterson steals 2nd base
1-0: SINGLE (Groundball, 4MD, EV 100.6 MPH) (infield hit)
John Peterson to third
Batting: RHB Hideo Okimura 0-0: Ball
1-0: Ball
2-0: Called Strike
2-1: Ball
3-1: DOUBLE (Line Drive, 89M, EV 100.0 MPH)
John Peterson scores
Jawad Fahad to third
Runner from 3rd tries for Home, SAFE, no throw by RF
Batting: LHB Kenny Gerrity 0-0: Ball
1-0: Called Strike
1-1: Foul Ball, location: 2F
1-2: Ball
2-2: Foul Ball, location: 2F
2-2: Ball
3-2: Ground out 4-3 (Groundball, 4, EV 102.5 MPH)
Top of the 7th over - 2 runs, 3 hits, 0 errors, 1 left on base; Everett 4 - Vancouver 1
BOTTOM OF THE 7TH
Vancouver Canadians batting - Pitching for Everett AquaSox : LHP Mike Stewart
Batting: RHB Lamberto Amicis 0-0: Called Strike
0-1: SINGLE (Groundball, 56S, EV 72.5 MPH) (infield hit)
Batting: RHB Bryan Peterson 0-0: Sac Bunt to 15S - play at first, batter OUT! 1-3
Lamberto Amicis to second
Batting: RHB Justin Geiger 0-0: Called Strike
0-1: Called Strike
Lamberto Amicis is caught stealing 3rd base 2-5
0-2: Ball
1-2: Ball
2-2: Foul Ball, location: 2F
2-2: Foul Ball, location: 2F
2-2: Ground out 6-3 (Groundball, 6, EV 106.2 MPH)
Bottom of the 7th over - 0 runs, 1 hit, 0 errors, 0 left on base; Everett 4 - Vancouver 1
TOP OF THE 8TH
Everett AquaSox batting - Pitching for Vancouver Canadians : RHP D.J. Wallace
Pitching: RHP Jean-Michel Hamon
Batting: SHB Raghnall Ahearne 0-0: Ball
1-0: Ball
2-0: Ball
3-0: Called Strike
3-1: Foul Ball, location: 2F
3-2: Fly out, F8 (Line Drive, 8LM, EV 94.4 MPH)
Batting: RHB Clay Statum 0-0: Called Strike
0-1: Ball
1-1: Called Strike
1-2: Ball
2-2: Foul Ball, location: 2F
2-2: Hit by Pitch
Batting: LHB David Walker 0-0: Foul Ball, location: 2F
0-1: Ball
1-1: SINGLE (Groundball, 4, EV 93.8 MPH)
Clay Statum to second
Batting: RHB Kikuo Sato 0-0: Ball
1-0: DOUBLE (Line Drive, 9LD, EV 105.6 MPH)
Clay Statum scores
David Walker to third
Batting: RHB Salvador Avina 0-0: Ball
1-0: Ball
2-0: Called Strike
2-1: Ground out 6-3 (Groundball, 56, EV 100.6 MPH)
David Walker scores
Batting: RHB John Peterson 0-0: Ball
Kikuo Sato steals 3rd base (no throw)
1-0: Called Strike
1-1: Ball
2-1: Ball
3-1: DOUBLE (Line Drive, 89M, EV 93.1 MPH)
Kikuo Sato scores
Batting: LHB Jawad Fahad 0-0: Ball
1-0: Foul Ball, location: 2F
1-1: Foul Ball, location: 2F
1-2: Ball
2-2: Ball
3-2: Foul Ball, location: 2F
3-2: Strikes out swinging
Top of the 8th over - 3 runs, 3 hits, 0 errors, 1 left on base; Everett 7 - Vancouver 1
BOTTOM OF THE 8TH
Vancouver Canadians batting - Pitching for Everett AquaSox : LHP Mike Stewart
Batting: RHB Justin Powell 0-0: Ball
1-0: Ball
2-0: Ball
3-0: Base on Balls
Pinch Hitting: RHB Carlos Ramirez 0-0: Ball
1-0: Ball
2-0: Ball
3-0: Called Strike
3-1: Base on Balls
Justin Powell to second
Batting: RHB Taylor Peavey 0-0: Ball
1-0: Ball
2-0: Fielders Choice at 2nd, 4-6 (Groundball, 4, EV 83.8 MPH)
Justin Powell to third
Batting: RHB Jose Garate 0-0: Foul Ball, location: 2F
0-1: Foul Ball, location: 2F
0-2: Ball
1-2: Foul Ball, location: 2F
1-2: Foul Ball, location: 2F
1-2: Foul Ball, location: 2F
1-2: Ball
2-2: Foul Ball, location: 2F
2-2: Foul Ball, location: 2F
2-2: Foul Ball, location: 2F
2-2: Ball
3-2: Fly out, F9 (Flyball, 9LS, EV 90.0 MPH)
Batting: RHB Jordan Fairburn 0-0: Ball
Wild Pitch!
Justin Powell scores
Taylor Peavey to second
1-0: Ball
2-0: Foul Ball, location: 2F
2-1: Ball
3-1: Base on Balls
Batting: RHB Josh Swartzentruber 0-0: Called Strike
0-1: Swinging Strike
0-2: Fielders Choice at 2nd, 6-4 (Groundball, 6, EV 85.0 MPH)
Bottom of the 8th over - 1 run, 0 hits, 0 errors, 2 left on base; Everett 7 - Vancouver 2
TOP OF THE 9TH
Everett AquaSox batting - Pitching for Vancouver Canadians : RHP Jean-Michel Hamon
Pitching: RHP Dave August
Now in LF: Carlos Ramirez
Batting: RHB Hideo Okimura 0-0: Ground out 6-3 (Groundball, 56D, EV 104.4 MPH)
Batting: LHB Kenny Gerrity 0-0: Called Strike
0-1: Ball
1-1: Foul Ball, location: 2F
1-2: Ball
2-2: Ball
3-2: Strikes out looking
Batting: SHB Raghnall Ahearne 0-0: Ground out 4-3 (Groundball, 4, EV 101.9 MPH)
Top of the 9th over - 0 runs, 0 hits, 0 errors, 0 left on base; Everett 7 - Vancouver 2
BOTTOM OF THE 9TH
Vancouver Canadians batting - Pitching for Everett AquaSox : LHP Mike Stewart
Batting: RHB Lamberto Amicis 0-0: Ball
1-0: Ball
2-0: Ball
3-0: Called Strike
3-1: Foul Ball, location: 2F
3-2: Fly out, F8 (Flyball, 8LS, EV 96.9 MPH)
Batting: RHB Bryan Peterson 0-0: Ball
1-0: Foul Ball, location: 2F
1-1: Swinging Strike
1-2: Ground out 6-3 (Groundball, 6, EV 80.6 MPH)
Pitching: RHP Yat-sen Zhen
Batting: RHB Justin Geiger 0-0: Called Strike
0-1: Fly out, F8 (Flyball, 89D, EV 89.4 MPH)
Bottom of the 9th over - 0 runs, 0 hits, 0 errors, 0 left on base; Everett 7 - Vancouver 2
Thursday, March 31st , 2022 - OOTP Baseball 22.12 Build 89